AoeStats
← Icelight

Oasis

508362668Analyzed
3v3 RM · 11d ago on Sep 22, 2026· 45m 31s· 6 players
Game mode
Random Map
Map size
Normal (6 player)
Population
200
Speed
Normal
Resources
Standard
Victory
Conquest
Starting age
Dark Age
Ending age
Imperial Age
RankedLock teamsTeams togetherTeam positionsShared explorationLock speedFull tech treeHidden civsTurbo modeCheats
Victory
Defeat
🇲🇽 Mongols · Mexico
1200
+13
🇲🇽 Hindustanis · Mexico
1174
+14
🇺🇸 Ethiopians · United States
1082
+19
🇨🇦 Romans · Canada
1150
-15
🇨🇦 Mongols · Canada
1142
-16
🇺🇸 Khmer · United States
1125
-15
jrewdavis
7:48 Loom
10:44 Feudal Age
8:59 Loom
16:41 Castle Age
17:25 Double-Bit Axe
17:38 Horse Collar
22:44 Bow Saw
29:14 Heavy Plow
31:07 Wheelbarrow
30:24 Town Watch
37:58 Imperial Age
35:46 Hand Cart
36:31 Town Patrol
38:08 Ballistics
43:38 Chemistry
42:52 Siege Engineers
43:46 Drill
43:47 Conscription
Icelight
7:04 Loom
10:35 Feudal Age
11:23 Double-Bit Axe
13:07 Gold Mining
16:05 Castle Age
14:27 Horse Collar
17:02 Bow Saw
21:05 Stone Mining
22:25 Forging
25:26 Wheelbarrow
25:26 Scale Barding Armor
25:39 Heavy Plow
29:17 Ballistics
29:19 Fletching
32:02 Imperial Age
31:41 Hand Cart
34:04 Heavy Scorpion
34:57 Double Crossbow
35:53 Chain Barding Armor
36:09 Conscription
36:12 Husbandry
36:34 Bloodlines
36:32 Cavalier
39:26 Tusk Swords
40:11 Plate Barding Armor
40:50 Elite Battle Elephant
44:07 Fortified Wall
scrappy_18
6:03 Loom
11:28 Feudal Age
14:45 Double-Bit Axe
17:17 Castle Age
16:49 Horse Collar
20:00 Stone Mining
22:28 Man-at-Arms
23:53 Bow Saw
27:38 Ballistics
28:35 Fletching
29:20 Ballistas
37:20 Imperial Age
35:28 Wheelbarrow
34:30 Long Swordsman
35:14 Scale Mail Armor
36:41 Forging
38:07 Legionary
39:25 Chain Mail Armor
40:52 Heavy Scorpion
44:12 Chemistry
44:48 Siege Engineers
EssLaBoa
9:12 Loom
11:44 Feudal Age
16:37 Castle Age
15:09 Double-Bit Axe
16:23 Wheelbarrow
18:20 Fervor
18:16 Horse Collar
20:29 Gold Mining
24:11 Heavy Plow
24:27 Bow Saw
25:31 Gold Shaft Mining
24:47 Stone Mining
28:16 Stone Shaft Mining
28:21 Hand Cart
27:51 Town Watch
29:05 Forging
28:47 Fletching
32:00 Iron Casting
31:31 Scale Barding Armor
31:49 Husbandry
32:00 Bloodlines
36:16 Imperial Age
35:28 Ballistics
35:35 Chain Barding Armor
35:53 Town Patrol
38:27 Chemistry
37:33 Siege Engineers
36:58 Heavy Camel Rider
39:54 Blast Furnace
39:30 Plate Barding Armor
39:02 Imperial Camel Rider
40:05 Grand Trunk Road
40:26 Conscription
Pogi_Ender
1:26 Loom
12:16 Feudal Age
17:43 Castle Age
16:33 Double-Bit Axe
19:52 Bow Saw
24:59 Wheelbarrow
31:25 Imperial Age
29:13 Town Watch
29:17 Horse Collar
29:32 Gold Mining
30:22 Forging
30:12 Scale Mail Armor
30:08 Fletching
31:10 Gold Shaft Mining
31:47 Iron Casting
31:43 Stone Mining
31:31 Capped Ram
33:11 Elite Shotel Warrior
35:00 Ballistics
35:47 Blast Furnace
35:21 Royal Heirs
36:08 Hand Cart
37:12 Two-Man Saw
37:40 Chemistry
36:51 Masonry
37:49 Conscription
37:51 Chain Mail Armor
37:32 Bodkin Arrow
37:41 Town Patrol
40:38 Plate Mail Armor
40:08 Bracer
41:04 Squires
40:50 Arson
41:18 Heavy Plow
41:53 Architecture
43:25 Halberdier
44:11 Siege Ram
Iztacoyolt
2:53 Loom
8:43 Feudal Age
14:16 Town Watch
17:42 Castle Age
15:30 Double-Bit Axe
16:14 Stone Mining
16:34 Horse Collar
18:11 Wheelbarrow
18:16 Fletching
22:28 Bodkin Arrow
22:56 Padded Archer Armor
27:37 Leather Archer Armor
34:20 Imperial Age
33:57 Gold Mining
34:42 Hand Cart
35:51 Bracer
37:09 Ballistics
38:31 Conscription
39:51 Chemistry
40:08 Scale Barding Armor
41:46 Elite Mangudai
42:47 Drill
42:45 Capped Ram
44:15 Chain Barding Armor
45:59 Town Patrol
Connection lost

Rejoining the realm…

Still unreachable

The connection could not be restored.

Session expired

The server has moved on; the page needs a fresh start.